 Dungeon Crawl Stone Soup version 0.28.0-47-ge53b351184 (webtiles) character file.

Game seed: 16309309475500798366

844 NinjaNoafa the Chopper (level 7, -2/62 HPs)
             Began as a Minotaur Monk on Apr 27, 2022.
             Was a Believer of Wu Jian.
             Succumbed to Sigmund's poison
             ... on level 6 of the Dungeon.
             The game lasted 00:08:08 (5280 turns).

NinjaNoafa the Chopper (Minotaur Monk)              Turns: 5280, Time: 00:08:08

Health: -2/62      AC:  7    Str: 18    XL:     7   Next: 68%
Magic:  6/6        EV: 11    Int:  7    God:    Wu Jian [**....]
Gold:   215        SH:  0    Dex: 12    Spells: 6/6 levels left

rFire   . . .      SeeInvis .   f - +1 hand axe (flame)
rCold   + . .      Faith    .   (no shield)
rNeg    . . .      Spirit   .   g - +0 ring mail
rPois   .          Reflect  .   (helmet restricted)
rElec   .          Harm     .   (no cloak)
rCorr   +          Rampage  .   (no gloves)
Will    .....                   e - +0 pair of boots
Stlth   +.........              (no amulet)
HPRegen 0.20/turn               c - ring of protection from cold
MPRegen 0.10/turn               i - ring of resist corrosion

@: lethally poisoned (-2 -> -16), hasted, unable to read, very quick
A: horns 2, retaliatory headbutt, inability to read while threatened
a: Renounce Religion, Wall Jump


You were on level 6 of the Dungeon.
You worshipped Wu Jian.
Wu Jian was pleased with you.
You visited 1 branch of the dungeon, and saw 6 of its levels.

You collected 215 gold pieces.

Inventory:

Hand Weapons
 a - a +4 shortbow
 f - a +1 hand axe of flaming (weapon)
 l - a +0 hand axe of chaos
Missiles
 j - 6 boomerangs (quivered)
 m - 45 arrows
Armour
 e - a +0 pair of boots (worn)
 g - a +0 ring mail (worn)
Jewellery
 c - a ring of protection from cold (left hand)
 i - a ring of resist corrosion (right hand)
Scrolls
 d - 3 scrolls of teleportation
 o - a scroll of blinking
 p - a scroll of fear


   Skills:
 - Level 5.8 Fighting
 - Level 5.9 Axes
 + Level 4.6 Bows
 - Level 5.8 Armour
 - Level 3.2 Dodging
 - Level 1.5 Stealth


You had 6 spell levels left.
You didn't know any spells.
Your spell library contained the following spells:

 Spells                   Type           Power      Damage    Failure   Level
 Pain                     Necr           0%         1d4       61%         1
 Sandblast                Erth           0%         2d4       61%         1
 Ensorcelled Hibernation  Hex/Ice        0%         N/A       75%         2
 Passwall                 Tmut/Erth      0%         N/A       75%         2
 Spider Form              Tmut/Pois      0%         N/A       93%         3
 Stone Arrow              Conj/Erth      0%         3d7       93%         3
 Anguish                  Hex/Necr       0%         N/A       100%        4
 Agony                    Necr           0%         N/A       100%        5
 Excruciating Wounds      Necr           0%         N/A       100%        5


Dungeon Overview and Level Annotations

Branches:
Dungeon (6/15)
 Temple: D:4-7

Altars:
Cheibriados
Makhleb
Okawaru
Qazlal
Ru
Uskayaw
Wu Jian
Zin
The Shining One

Annotations:
D:3 3 runed translucent doors, 0gre's ghost, amateur GnIE
D:6 Sigmund


Innate Abilities, Weirdness & Mutations

You have a pair of horns on your head.
You reflexively headbutt those who attack you in melee.
You sometimes lose the ability to read scrolls when taking damage.


Message History

Press: ? - help, Q - select action, (/) - cycle Dir - look around, f - activate You shoot an arrow.
Something hits you!
You feel threatened and lose the ability to read scrolls!
Non-targeted confused fire: 46 arrows
Press: ? - help, Q - select action, (/) - cycle Dir - look around, f - activate You shoot an arrow.
Your +1 hand axe of flaming bursts into flame!
f - a +1 hand axe of flaming (weapon)
You aren't carrying any potions.
You are too confused!
Something hits you.
You are poisoned.
You feel sick.
You see here an arrow.
Something hits you.
You are more poisoned.
You closely miss something.
You feel very sick.
You hit something. You burn something.
You feel sick.
You hear some strange, mumbled words.
A puff of flame appears from out of thin air!
The puff of flame hits you!
* * * LOW HITPOINT WARNING * * *
You barely miss something.
* * * LOW HITPOINT WARNING * * *
You feel sick. Something hits you.
* * * LOW HITPOINT WARNING * * *
You are more poisoned.
* * * LOW HITPOINT WARNING * * *
You feel very sick.
You see here an arrow.
You're too confused to move!
You feel less confused.
* * * LOW HITPOINT WARNING * * *
You feel very sick.
You cannot read scrolls in your current state!
You aren't carrying any potions.
You cannot read scrolls in your current state!
You die...

### ##(## ...
... #.# #.# #@#
#(# #.# #{# #O#
. #(# #...###.##
.!.....(.####.##
#...####(.......


You could see an ogre.

Vanquished Creatures
  An ice beast (D:5)
  2 centaurs
  An ogre (D:5)
  A wyvern skeleton (D:5)
  A bullfrog skeleton (D:5)
  A jelly (D:4)
  A hound (D:5)
  Natasha (thrice) (D:2)
  2 iguanas
  A hound skeleton (D:5)
  A howler monkey zombie (D:5)
  6 gnolls
  A howler monkey skeleton (D:5)
  7 adders
  An ufetubus (D:5)
  4 worms
  4 dart slugs
  7 orcs
  5 ball pythons
  4 endoplasms
  3 giant cockroaches
  9 goblins
  5 hobgoblins
  2 jackals (D:3)
  4 kobolds
  2 quokkas
  3 bats
  3 frilled lizards
  2 rats (D:1)
87 creatures vanquished.

Notes
Turn   | Place    | Note
-------+----------+-------------------------------------------
     0 | D:1      | NinjaNoafa the Minotaur Monk began the quest for the Orb.
     0 | D:1      | Reached XP level 1. HP: 19/19 MP: 0/0
   285 | D:1      | Reached skill level 1 in Armour
   357 | D:1      | Reached XP level 2. HP: 27/27 MP: 1/1
   584 | D:2      | Reached XP level 3. HP: 20/33 MP: 2/2
   612 | D:2      | Noticed Natasha
   619 | D:2      | Killed Natasha
   850 | D:2      | Reached XP level 4. HP: 38/41 MP: 3/3
   995 | D:2      | Noticed Natasha
  1001 | D:2      | Killed Natasha
  1245 | D:2      | Noticed Natasha
  1258 | D:2      | Killed Natasha
  1380 | D:2      | Reached XP level 5. HP: 29/47 MP: 4/4
  1945 | D:2      | Found a faded altar of an unknown god.
  2367 | D:3      | Gained mutation: You sometimes lose the ability to read
                  | scrolls when taking damage. [potion of mutation]
  2370 | D:3      | Reached skill level 5 in Axes
  2683 | D:3      | Reached skill level 5 in Fighting
  2929 | D:3      | Found a runed translucent gate.
  2929 | D:3      | Noticed 0gre's ghost (amateur GnIE)
  2931 | D:3      | Found a runed translucent gate.
  2932 | D:3      | Found a runed translucent gate.
  3096 | D:4      | Found a burning altar of Makhleb.
  3096 | D:4      | Found an ornate altar of the Wu Jian Council.
  3098 | D:4      | Found a stormy altar of Qazlal.
  3098 | D:4      | Found a snail-covered altar of Cheibriados.
  3099 | D:4      | Found a hide-covered altar of Uskayaw.
  3100 | D:4      | Found a glowing golden altar of the Shining One.
  3131 | D:4      | Became a worshipper of the Wu Jian Council
  3131 | D:4      | Reached * piety under Wu Jian
  3131 | D:4      | Reached ** piety under Wu Jian
  3230 | D:4      | Found a glowing silver altar of Zin.
  3270 | D:4      | Reached XP level 6. HP: 52/56 MP: 5/5
  3722 | D:5      | Entered Level 5 of the Dungeon
  3790 | D:5      | Reached skill level 5 in Armour
  4305 | D:5      | Found a glowing drain.
  4478 | D:5      | Reached skill level 1 in Bows
  4491 | D:5      | Reached XP level 7. HP: 62/62 MP: 6/6
  4993 | D:5      | Found an iron altar of Okawaru.
  5187 | D:5      | Found a sacrificial altar of Ru.
  5225 | D:6      | Noticed Sigmund
  5279 | D:6      | HP: 1/62 [poisoned by Sigmund]
  5280 | D:6      | Succumbed to Sigmund's poison

Illustrated notes

Levels and vault maps discovered:
D:1:      ncdulo_watergridlock, layout_rooms
D:2:      layout_loops_ring, shapermc_ecumenical_altar_pompeii,
          chequers_serial_rivers_room_b, uniq_natasha
D:3:      layout_rooms, gammafunk_ghost_nasty_kobolds
D:4:      layout_gridville, kennysheep_mini_moat, grunt_temple_overflow_open,
          chequers_serial_rivers_marsh
D:5:      layout_basic, mainiacjoe_overflow_big_doors,
          cheibrodos_sewer_entry_drain
D:6:      layout_loops_ring, nicolae_hepliaklqana_hazy_memory,
          minmay_temple_entry_hall, serial_shops, shop_fountains,
          uniq_blork_the_orc, uniq_sigmund

Skill      XL: |  1  2  3  4  5  6  7 |
---------------+----------------------+-----
Armour         | 1 2 3 4 5 |  5.8
Fighting       | 4 5 |  5.8
Axes           | 4 5 |  5.9
Bows           | 1 4 |  4.6
Dodging        | |  3.2
Stealth        | |  1.5

Action                   |  1- 3 |  4- 6 |  7- 9 || total
-------------------------+-------+-------+-------++-------
Melee: Hand axe          |    30 |    88 |     8 ||   126
       Headbutt          |     6 |    19 |     2 ||    27
       Punch             |       |     2 |       ||     2
 Fire: Shortbow          |       |    27 |    54 ||    81
Throw: Boomerang         |    51 |    55 |       ||   106
 Abil: Wall Jump         |       |     1 |       ||     1
  Use: Potion            |       |     5 |     3 ||     8
       Scroll            |       |     4 |     2 ||     6
Armor: Ring mail         |    15 |    44 |    16 ||    75
       Robe              |     1 |       |       ||     1
Dodge: Dodged            |    29 |    95 |    16 ||   140
